 Dungeon Crawl Stone Soup version 0.31-a0-198-g2ad674f65e (webtiles) character file.

Game seed: 14907064089941361207

96 qw the Shooter (level 4, 0/25 HPs)
             Began as a Deep Elf Hunter on June 25, 2023.
             Slain by Natasha (6 damage)
             ... on level 2 of the Dungeon.
             The game lasted 00:00:32 (1170 turns).

qw the Shooter (Deep Elf Hunter)                    Turns: 1170, Time: 00:00:33

Health: 0/25       AC:  6    Str: 10    XL:     4   Next: 41%
Magic:  6/6        EV: 11    Int: 14    God:
Gold:   85         SH:  0    Dex: 18    Spells: 3/3 levels left

rFire   . . .        Y - +2 shortbow
rCold   . . .        (shield currently unavailable)
rNeg    . . .        d - +0 ring mail
rPois   .            (no helmet)
rElec   .            (no cloak)
rCorr   .            (no gloves)
SInv    .            i - +0 pair of boots
Will    .....        (no amulet)
Stlth   +            (no ring)
HPRegen 0.24/turn    (no ring)
MPRegen 0.10/turn

%: no passive effects
@: no status effects
A: no striking features
a: no special abilities


You were on level 2 of the Dungeon.
You visited 1 branch of the dungeon, and saw 2 of its levels.

You collected 85 gold pieces.


   Skills:
 - Level 1.5 Fighting
 + Level 7.8 Ranged Weapons
 - Level 2.4 Dodging
 - Level 1.2 Stealth


You had 3 spell levels left.
You didn't know any spells.
Your spell library was empty.

Inventory:

Hand Weapons
 Y - a +2 shortbow (weapon)
Armour
 d - a +0 ring mail (worn)
 e - a +1 hat
 i - a +0 pair of boots (worn)
Scrolls
 a - a scroll of identify {unknown}
 c - a scroll of poison {unknown}
 h - a scroll of noise {unknown}
Potions
 b - a potion of enlightenment {unknown}
 f - a potion of cancellation {unknown}
 g - a potion of haste {unknown}
 j - a potion of mutation {unknown}

Dungeon Overview and Level Annotations

Branches:
Dungeon (2/15)

Altars:

Annotations:
D:2 Natasha


Message History

Enter note:
Enter note:
Enter note:
There is a stone staircase leading up here.
Found a dagger.
Found a stone staircase leading down.
Enter note:
Enter note:
Enter note:
Enter note:
There is an open door here.
There is an open door here.
There is an open door here.
Natasha, Servant of Life and Death comes into view.
Enter note:
Enter note:
Enter note:
Enter note: You shoot an arrow.
The arrow hits Natasha!
Natasha hisses angrily.
Natasha is almost dead.
Natasha drinks a potion.
Natasha is healed!
You shoot an arrow. The arrow closely misses Natasha.
You shoot an arrow. The arrow barely misses Natasha.
You shoot an arrow. The arrow closely misses Natasha.
Natasha casts a spell at you. The magic dart hits you!
You shoot an arrow. The arrow hits Natasha.
Natasha is heavily wounded.
Natasha claws you but does no damage. Natasha casts a spell at you.
The magic dart hits you.
You shoot an arrow. The arrow hits Natasha.
Natasha is almost dead.
Natasha casts a spell at you. The magic dart hits you!
You shoot an arrow. The arrow barely misses Natasha.
Natasha misses you.
You shoot an arrow. The arrow barely misses Natasha.
Natasha claws you.
You die...

#<#.# ##..#
#########.##
#.......#.#########
#......)..#.......####
#....>....'.......'...
#.......###.......####
#####'### #########
#@# #.h...# #.....#
#.....# #.##### #.#
#.# #'#


You could see Natasha.

Vanquished Creatures
  Terence (D:2)
  A gnoll (D:1)
  An adder (D:2)
  A dart slug (D:2)
  3 ball pythons (D:1)
  4 endoplasms (D:1)
  4 giant cockroaches
  2 goblins (D:1)
  5 hobgoblins
  4 jackals (D:2)
  A quokka (D:1)
  7 bats
  4 frilled lizards (D:1)
  4 kobolds
  7 rats
49 creatures vanquished.

Notes
Turn   | Place    | Note
-------+----------+-------------------------------------------
     0 | D:1      | qw the Deep Elf Hunter began the quest for the Orb.
     0 | D:1      | Reached XP level 1. HP: 12/12 MP: 3/3
     0 | D:1      | 0 ||| qw: Version: 0.3-a-22-g0ed2b0b
     0 | D:1      | 0 ||| qw: Game counter: 5273
     0 | D:1      | 0 ||| qw: Melee chars always use a shield: true
     0 | D:1      | 0 ||| qw: God list: Okawaru
     0 | D:1      | 0 ||| qw: Allow faded altars: false
     0 | D:1      | 0 ||| qw: Do Orc after clearing Dungeon:15 true
     0 | D:1      | 0 ||| qw: Do second Lair branch before Depths: true
     0 | D:1      | 0 ||| qw: Lair rune preference: random
     0 | D:1      | 0 ||| qw: Goals: Normal
     0 | D:1      | 0 ||| PLANNING D:1-11
   149 | D:1      | Reached skill level 6 in Ranged Weapons
   149 | D:1      | Reached XP level 2. HP: 16/16 MP: 4/4
   264 | D:1      | Found a faded altar of an unknown god.
   430 | D:1      | Reached XP level 3. HP: 20/20 MP: 5/5
   689 | D:1      | 689 ||| UPGRADING to +0 ring mail.
   699 | D:1      | 699 ||| DROPPING +0 leather armour.
   700 | D:1      | 700 ||| UPGRADING to +0 pair of boots.
   705 | D:1      | 705 ||| DROPPING ring of flight.
   706 | D:1      | 706 ||| READING scroll labelled XOWUT MAUQA.
   707 | D:1      | 707 ||| DROPPING scroll of butterflies.
   757 | D:2      | Reached skill level 7 in Ranged Weapons
   767 | D:2      | 767 ||| READING scroll of enchant weapon.
   767 | D:2      | 767 ||| ENCHANTING +1 shortbow.
   983 | D:2      | Reached XP level 4. HP: 25/25 MP: 6/6
  1085 | D:2      | Noticed Terence
  1099 | D:2      | Killed Terence
  1162 | D:2      | Noticed Natasha
  1168 | D:2      | HP: 5/25 [Natasha/magic dart (8)]
  1170 | D:2      | Slain by Natasha

Levels and vault maps discovered:
D:1:      dpeg_arrival_tiny_b, layout_loops_ring,
          shapermc_ecumenical_altar_mp_urbaneastern
D:2:      layout_basic, uniq_terence, uniq_natasha

Skill      XL: |  1  2  3 |
---------------+----------+-----
Ranged Weapons | 6 7 |  7.8
Fighting       | |  1.5
Dodging        | |  2.4
Stealth        | |  1.2

Action                     |  1- 3 |  4- 6 || total
---------------------------+-------+-------++-------
   Fire: Shortbow          |   112 |    25 ||   137
    Use: Scroll            |     2 |       ||     2
 Armour: Leather armour    |     6 |       ||     6
         Ring mail         |     1 |     4 ||     5
  Dodge: Dodged            |    28 |     6 ||    34

Table legend:
 A = Non-vault XP
 B = Vault XP
 C = Vault XP percentage of total XP
 D = Non-vault monster count
 E = Vault monster count
 F = Vault count percentage of total count
                 A         B        C        D         E       F
            +---------+---------+-------+---------+---------+-------
      Total |     102 |      36 |  26.1 |      48 |       1 |   2.0
            +---------+---------+-------+---------+---------+-------
        D:1 |      60 |       0 |   0.0 |      32 |       0 |   0.0
        D:2 |      42 |      36 |  46.2 |      16 |       1 |   5.9
            +---------+---------+-------+---------+---------+-------
